Map: Deathaura LE

Players

Krystianer

  • Race: Protoss Protoss
  • Spawn Location: 5:00

A.I. 2 (Very Easy) - Winner!

  • Race: Protoss Protoss
  • Spawn Location: 11:00

VOD

Have the link to the VOD?

Description

Time

  • Played on: July 4, 2020, 1:36 p.m.
  • Length: 6:56
Show
View Real Time Build Order
Export as new Build Order

Krystianer Protoss 

Build Orders: 1 Gate Expand 

Get SALT Encoding   

  12  0:00  Probe  
  13  0:13  Probe  
  14  0:18  Pylon  
  14  0:24  Probe  
  15  0:33  Probe  
  15  0:40  Gateway  
  15  0:41  Probe  
  16  0:47  Assimilator  
  17  0:51  Probe  
  18  1:03  Probe  
  19  1:15  Probe  
  20  1:23  Nexus  
  20  1:34  Cybernetics Core  
  20  1:36  Probe  
  21  1:41  Assimilator  
  21  1:48  Probe  
  21  1:51  Pylon  
  22  2:00  Adept, Probe  
  23  2:12  Probe  
  26  2:22  Robotics Facility  
  26  2:23  Warp Gate  
  26  2:24  Probe  
  27  2:30  Stalker  
  27  2:32  Probe x2  
  31  2:40  Probe x2  
  32  2:51  Twilight Council  
  33  2:52  Probe  
  33  2:53  Probe  
  36  3:06  Immortal  
  36  3:08  Probe  
  36  3:12  Gateway  
  40  3:27  Charge  
  40  3:34  Gateway  
  40  3:35  Immortal, Gateway  
  44  3:53  Pylon  
  44  3:57  Gateway  
  44  4:01  Gateway  
  44  4:05  Gateway  
  44  4:09  Warp Prism  
  46  4:21  Gateway  
  46  4:25  Pylon  
  46  4:30  Zealot  
  48  4:31  Zealot  
  48  4:35  Zealot  
  48  4:36  Zealot  
  54  4:42  Pylon  
  54  5:06  Zealot x7  
  68  5:09  Pylon  
  68  5:11  Pylon  
  68  5:26  Probe  
  69  5:35  Zealot  
  69  5:37  Probe  
  69  5:39  Assimilator  
  69  5:41  Assimilator  
  69  5:42  Probe  
  73  5:46  Pylon  
  73  5:49  Probe  
  74  5:54  Adept, Probe  
  77  5:58  Pylon  
  77  6:01  Probe  
  78  6:10  Nexus  
  78  6:12  Pylon  
  78  6:14  Forge  
  78  6:15  Templar Archives  
  78  6:17  Probe  
  78  6:18  Probe  
  80  6:28  Observer  
  80  6:30  Probe x2  
  81  6:35  Zealot x2  
  81  6:36  Zealot x2  
  91  6:40  Probe x2  
  91  6:42  Zealot  
  91  6:43  Zealot  
Show
View Real Time Build Order
Export as new Build Order

A.I. 2 (Very Easy) Protoss - Winner!

Build Orders:  

Get SALT Encoding   

  12  0:00  Probe  
  13  0:13  Probe  
  14  0:20  Pylon  
  14  0:36  Assimilator  
  14  0:43  Gateway  
  14  0:47  Pylon  
  14  1:15  Assimilator  
  14  1:17  Probe  
  15  1:25  Probe  
  16  1:33  Probe  
  16  1:34  Cybernetics Core  
  17  1:44  Probe  
  18  1:56  Probe  
  18  2:00  Warp Gate  
  19  2:04  Probe  
  20  2:11  Stalker  
  22  5:21  Stalker  
  22  5:23  Pylon  
  22  5:25  Probe  
  25  5:41  Probe  
  26  5:44  Robotics Facility  
  26  5:46  Pylon  
  26  5:49  Pylon  
  26  5:54  Probe  
  27  6:06  Probe  
  28  6:15  Probe  
  28  6:16  Pylon  
  29  6:23  Probe  
  34  6:38  Probe  
Tags
 
Matchup
PvP
Spawn Locations
Cross Positions
Add a new tag
Caveats
  • Supply blocks, unpowered buildings, or Contaminate may cause inaccurate times.
  • Supply counts are checked every 10 seconds.